 Dungeon Crawl Stone Soup version 0.19-a0-1686-g35356ef (webtiles) character file.

153 Lindan9 the Shield-Bearer (level 5, -6/42 HPs)
             Began as a Formicid Fighter on Sept 25, 2016.
             Killed by nerve-wracking pain
             ... invoked by Grinder
              (9 damage)
             ... on level 3 of the Dungeon.
             The game lasted 00:07:54 (1686 turns).

Lindan9 the Shield-Bearer (Formicid Fighter)        Turns: 1686, Time: 00:07:56

Health: -6/42      AC: 10    Str: 21    XL:     5   Next: 61%
Magic:  5/5        EV:  6    Int:  8    God:
Gold:   126        SH: 10    Dex: 10    Spells: 0 memorised, 4 levels left

rFire  . . .     SeeInvis +     a - +1 war axe
rCold  . . .     Gourm    .     m - +0 chain mail
rNeg   . . .     Faith    .     c - +0 shield
rPois  .         Spirit   .     (helmet unavailable)
rElec  .         Dismiss  .     (no cloak)
rCorr  .         Reflect  .     (no gloves)
MR     .....     Harm     .     (no boots)
Stlth  ..........               (no amulet)
                                (no ring)
                                (no ring)

@: no status effects
A: permanent stasis, dig shafts and tunnels, four strong arms, antennae 3
a: Dig, Shaft Self


You were on level 3 of the Dungeon.
You were not hungry.

You visited 1 branch of the dungeon, and saw 3 of its levels.

You collected 126 gold pieces.

Inventory:

Hand Weapons
 a - a +1 war axe (weapon)
 l - a +0 flail
Armour
 c - a +0 shield (worn)
 m - a +0 chain mail (worn)
Scrolls
 f - a scroll of magic mapping {unknown}
 i - a scroll of identify {unknown}
Potions
 b - 2 potions of flight {unknown}
 d - a potion of might
 e - 4 potions of curing {unknown}
 h - a potion of lignification {unknown}
 j - a potion of brilliance {unknown}
 k - a potion of degeneration {unknown}
Comestibles
 g - a beef jerky
 n - a bread ration


   Skills:
 + Level 4.1 Fighting
 + Level 3.3 Axes
 + Level 3.7 Armour
 + Level 0.6 Dodging
 + Level 0.3 Stealth
 + Level 5.0 Shields


You had 4 spell levels left.
You didn't know any spells.

Dungeon Overview and Level Annotations

Branches:
Dungeon (3/15)

Altars:

Annotations:
D:3 Grinder


Innate Abilities, Weirdness & Mutations

You are under a permanent stasis effect.
You can dig through walls and to a lower floor.
Your four strong arms can wield two-handed weapons with a shield.
You have a pair of large antennae on your head. (SInv)


Message History

You closely miss Grinder.
Grinder is severely wounded.
You block the bat's attack.
Grinder blinks!
You block the bat's attack. The bat hits you but does no damage. x2
You completely miss the bat. You block the bat's attack.
You block the bat's attack.
Grinder grins, showing sharp teeth.
Grinder hits you.
* * * LOW HITPOINT WARNING * * *
You writhe in agony.
* * * LOW HITPOINT WARNING * * *
The bat hits you but does no damage. You block the bat's attack.
Grinder hits you but does no damage. The bat hits you but does no damage.
You closely miss Grinder.
Grinder is severely wounded.
You hit the bat.
You kill the bat!
Grinder gestures at you. Pain shoots through your body!
You die...

....# # #.#.#
#. #.#.#
##.##.#.#
##.....#.#
...#....#
#.#....#######
#...@.........
#..†5..#######
###.)#.#
#..)># ..
##.### ###.
##'## ....
##...## #.##
##.....##
#..##
##†......#


You could see Grinder.

Vanquished Creatures
  Terence (D:2)
  Ijyb (D:2)
  4 adders
  An ooze (D:1)
  A dart slug (D:1)
  3 leopard geckos
  3 orcs (D:3)
  2 giant cockroaches (D:1)
  6 goblins
  3 hobgoblins
  7 jackals
  2 kobolds (D:2)
  A quokka (D:2)
  A ball python (D:1)
  10 bats
  3 frilled lizards (D:1)
  7 rats
56 creatures vanquished.

Notes
Turn   | Place    | Note
-------+----------+-------------------------------------------
     0 | D:1      | Lindan9 the Formicid Fighter began the quest for the Orb.
     0 | D:1      | Reached XP level 1. HP: 18/18 MP: 1/1
    26 | D:1      | Noticed an iguana
    26 | D:1      | Noticed a soldier ant
    27 | D:1      | Noticed a centaur
    81 | D:1      | Reached XP level 2. HP: 18/24 MP: 2/2
   159 | D:1      | Reached skill level 4 in Shields
   267 | D:1      | Reached XP level 3. HP: 27/30 MP: 3/3
   715 | D:2      | Reached XP level 4. HP: 37/37 MP: 4/4
   943 | D:2      | Noticed Terence
   957 | D:2      | Killed Terence
   957 | D:2      | Reached XP level 5. HP: 9/42 MP: 5/5
  1238 | D:2      | Noticed Ijyb
  1260 | D:2      | Killed Ijyb
  1260 | D:2      | Reached skill level 5 in Shields
  1665 | D:3      | Noticed Grinder
  1684 | D:3      | HP: 2/42 [Grinder (6)]
  1686 | D:3      | Killed from afar by Grinder

Vault maps used:
D:1:      onia_arrival_zoo_common, minmay_fountain_box, minmay_hexomino_f4
D:2:      uniq_terence, uniq_iyjb
D:3:      roderic_malta_cross, uniq_grinder

Skill      XL: |  1  2  3  4  5 |
---------------+----------------+-----
Shields        | 4 5 |  5.0
Fighting       | 4 |  4.1
Axes           | 3 |  3.3
Armour         | |  3.7
Dodging        | |  0.6
Stealth        | |  0.3

Action                   |  1- 3 |  4- 6 || total
-------------------------+-------+-------++-------
Melee: War axe           |   114 |   105 ||   219
  Use: Scroll            |       |     3 ||     3
  Eat: Bread ration      |       |     1 ||     1
Armor: Scale mail        |    58 |    20 ||    78
       Chain mail        |       |    37 ||    37
Dodge: Dodged            |    42 |    27 ||    69
Block: Shield            |    79 |    73 ||   152
